Islanders vs Lightning

Created - 4 janvier 2018 at 22:38

Goals
1 2 3 T
Islanders 2 0 1 3
Lightning 0 1 0 1
Shots
1 2 3 T
Islanders 13 8 8 29
Lightning 13 12 15 40

1st period

1. Islanders , Patrick Sharp 10 (Derek Forbort 6, Luca Sbisa 8) at 6:52
2. Islanders , Lars Eller 11 (Roman Polak 9, Josh Anderson 6) at 15:09

Penalties :
Patric Hornqvist (TBL) for Hooking (Minor) at 0:50, Kyle Quincey (TBL) for Tripping (Minor) at 3:29, Roman Polak (NYI) for Roughing (Minor) at 8:47, Patrick Sharp (NYI) for Hooking (Minor) at 12:23, Colin Wilson (NYI) for High sticking (Minor) at 18:27

2nd period

3. Lightning , Johnny Gaudreau 16 (Patric Hornqvist 22, Trevor Daley 16) at 0:12 (PP)

Penalties :
Braden Holtby (NYI) for Slashing (Minor) at 0:34 - Roman Polak served the penalty., Roman Polak (NYI) for Hooking (Minor) at 15:03

3rd period

4. Islanders , Matt Read 7 (Colin Wilson 10, Josh Manson 7) at 1:18

Penalties :
Brian Boyle (NYI) for Charging (Minor) at 5:31, Matt Read (NYI) for Roughing (Minor) at 10:49

Goalie Stats

Braden Holtby (NYI), 39 saves from 40 shots - (0.975), W, 10-11-4, 60:00 minutes
Kari Lehtonen (TBL), 26 saves from 29 shots - (0.897), L, 22-11-5, 60:00 minutes

Players Stats for Islanders

Player Name              G  A  P  +/- PIM S  H  SB GA TA FO     MP     PP MP  PK MP  
------------------------------------------------------------------------------------
Andy Greene              0  0  0   1  0   2  0  1  0  0  0/0    21:29   2:09   7:05 
Brian Boyle              0  0  0   1  2   2  0  0  0  0  16/23  19:10   2:09   4:26 
Colin Wilson             0  1  1   1  2   4  1  0  0  0  0/1    16:12   2:09   1:02 
Derek Forbort            0  1  1   1  0   0  2  1  0  0  0/0    16:10   0:00   2:50 
Josh Anderson            0  1  1   1  0   1  0  0  0  0  0/0    13:44   0:00   0:44 
Josh Jooris              0  0  0   0  0   1  0  0  0  0  1/4     7:16   0:00   0:32 
Josh Manson              0  1  1   1  0   1  2  1  0  0  0/0    21:15   2:09   6:51 
Lars Eller               1  0  1   1  0   2  1  0  0  0  9/14   17:58   0:00   4:58 
Luca Sbisa               0  1  1   1  0   0  2  0  0  0  0/0    13:20   0:00   0:00 
Mark Fayne               0  0  0   0  0   0  0  0  0  0  0/0     2:31   0:00   0:00 
Matt Read                1  0  1   1  2   2  1  0  0  0  0/1    14:41   2:09   0:00 
Nate Thompson            0  0  0   1  0   1  0  1  0  0  5/6    15:25   0:00   2:25 
Niklas Hjalmarsson       0  0  0   1  0   1  0  1  0  0  0/0    24:51   1:49   6:14 
Patrick Sharp            1  0  1   1  2   7  2  0  0  0  1/1    19:45   1:49   6:23 
Pierre-Alexandr Parentea 0  0  0   1  0   1  1  0  0  0  0/3    13:23   1:49   0:00 
Roman Polak              0  1  1   1  4   0  5  1  0  0  0/0    19:38   1:49   3:34 
Tyler Bozak              0  0  0   1  0   4  1  1  0  0  13/36  24:11   1:49   7:32 
Zack Kassian             0  0  0   0  0   0  0  0  0  0  0/0     5:16   0:00   0:00 

Players Stats for Lightning

Player Name              G  A  P  +/- PIM S  H  SB GA TA FO     MP     PP MP  PK MP  
------------------------------------------------------------------------------------
Andrej Sekera            0  0  0  -2  0   1  0  4  0  0  0/0    27:19   5:48   1:49 
Dennis Wideman           0  0  0  -1  0   1  0  1  0  0  0/0    19:22   1:44   0:59 
Erik Gudbranson          0  0  0   0  0   0  0  1  0  0  0/0     0:14   0:00   0:00 
Frederik Gauthier        0  0  0   0  0   0  0  0  0  0  0/0     0:50   0:00   0:00 
Henrik Sedin             0  0  0  -1  0   1  0  0  0  0  13/23  14:00   0:41   2:19 
Henrik Zetterberg        0  0  0   0  0   3  0  0  0  0  12/31  21:56   6:42   0:00 
Jeff Carter              0  0  0  -2  0   11 1  0  0  0  10/22  19:54   6:57   0:00 
Johnny Gaudreau          1  0  1   0  0   3  0  0  0  0  0/1    21:05   6:42   0:00 
Kevin Klein              0  0  0  -1  0   0  3  0  0  0  0/0    21:20   6:07   1:58 
Kyle Quincey             0  0  0  -2  2   1  2  2  0  0  0/0    24:10   6:17   0:53 
Matt Hendricks           0  0  0  -1  0   0  2  1  0  0  1/1    10:03   0:00   0:00 
Patric Hornqvist         0  1  1   0  2   5  2  0  0  0  2/3    21:38   6:07   0:00 
Teddy Purcell            0  0  0  -2  0   2  0  0  0  0  0/0    12:57   0:00   0:00 
Tobias Rieder            0  0  0  -2  0   5  0  0  0  0  3/4    22:48   6:57   0:00 
Travis Zajac             0  0  0   0  0   1  0  0  0  0  2/3     7:29   0:00   1:39 
Trevor Daley             0  1  1   0  0   1  1  3  0  0  0/0    22:27   6:41   2:14 
Troy Brouwer             0  0  0  -1  0   3  2  0  0  0  0/0    20:01   7:32   2:19 
Vernon Fiddler           0  0  0   0  0   2  1  0  0  0  1/1     8:27   0:00   1:42 

3 Stars

1 - Braden Holtby (NYI)
2 - Lars Eller (NYI)
3 - Patrick Sharp (NYI)

Power Play

Islanders - 0 on 2 Attempt(s) - 0.00%
Lightning - 1 on 7 Attempt(s) - 14.29%

Penalty Kill

Islanders - 6 on 7 Attempt(s) - 85.71% - Score 0 goal in Penalty Kill
Lightning - 2 on 2 Attempt(s) - 100.00% - Score 0 goal in Penalty Kill

Team Stat

Islanders - Hits : 18 - Faceoff Wins : 45 - Blocked Shots : 7 - Penalty Minutes : 14
Lightning - Hits : 14 - Faceoff Wins : 44 - Blocked Shots : 12 - Penalty Minutes : 4

Official

Referees : Dave Jackson and Jean Hebert
Linesman : Ryan Gibbons and Don Henderson

Game Notes

Erik Gudbranson is injured at 0:22 of 1st period (Sprained Left Ankle)

Finance

Level 1 -- Attendance: 5542 (85.26%) -- Ticket Income 609 620 $
Level 2 -- Attendance: 3536 (70.72%) -- Ticket Income 335 920 $
Level 3 -- Attendance: 2382 (68.06%) -- Ticket Income 178 650 $
Level 4 -- Attendance: 2057 (64.20%) -- Ticket Income 92 565 $
Luxury Box -- Attendance: 455 (45.50%) -- Ticket Income 163 800 $
Game was played at the Amalie Arena.
Total Attendance: 13972 (72.76%)
Total Ticket Income: 1 380 555 $
Other Income: 207 083 $
Total Income: 1 587 638 $

% Time on Ice - Islanders

Lines # - Real PCT - Wanted PCT - Time Play
Normal Forward
1 - 27% - 40% - 11:34
2 - 30% - 30% - 12:33
3 - 31% - 20% - 13:00
4 - 12% - 10% - 5:16
Normal Defense
1 - 34% - 40% - 14:17
2 - 29% - 30% - 12:15
3 - 31% - 20% - 13:20
4 - 6% - 10% - 2:31
PP Forward
1 - 46% - 60% - 1:49
2 - 54% - 40% - 2:09
PP Defense
1 - 46% - 60% - 1:49
2 - 54% - 40% - 2:09
PK Forward
1 - 65% - 60% - 8:50
2 - 35% - 40% - 4:49
PK Defense
1 - 50% - 60% - 6:48
2 - 50% - 40% - 6:51
PK3 Forward
1 - 0% - 60%
2 - 0% - 40%
PK3 Defense
1 - 0% - 60%
2 - 0% - 40%
44 Forward
1 - 0% - 60%
2 - 0% - 40%
44 Defense
1 - 0% - 60%
2 - 0% - 40%
Last Minute Offensive  - 0:00
Last Minute Defensive  - 0:00
Total
Forward - 60:00
Defense - 60:00

% Time on Ice - Lightning

Lines # - Real PCT - Wanted PCT - Time Play
Normal Forward
1 - 34% - 40% - 14:23
2 - 31% - 30% - 12:57
3 - 24% - 20% - 10:03
4 - 12% - 10% - 5:00
Normal Defense
1 - 19% - 40% - 7:52
2 - 41% - 30% - 17:14
3 - 26% - 20% - 10:57
4 - 15% - 10% - 6:20
PP Forward
1 - 49% - 60% - 6:42
2 - 51% - 40% - 6:57
PP Defense
1 - 49% - 60% - 6:41
2 - 51% - 40% - 6:58
PK Forward
1 - 58% - 60% - 2:19
2 - 42% - 40% - 1:39
PK Defense
1 - 29% - 60% - 1:10
2 - 71% - 40% - 2:48
PK3 Forward
1 - 0% - 60%
2 - 0% - 40%
PK3 Defense
1 - 0% - 60%
2 - 0% - 40%
44 Forward
1 - 0% - 60%
2 - 0% - 40%
44 Defense
1 - 0% - 60%
2 - 0% - 40%
Last Minute Offensive  - 0:00
Last Minute Defensive  - 0:00
Total
Forward - 60:00
Defense - 60:00

Play by Play

1st period


0:01 of 1st period - Henrik Zetterberg wins face-off versus Tyler Bozak in neutral zone.
0:04 of 1st period - Roman Polak is hit by Patric Hornqvist and loses puck.
0:08 of 1st period - Icing by Roman Polak.
0:09 of 1st period - Jeff Carter wins face-off versus Tyler Bozak in Islanders zone.
0:22 of 1st period - Shot by Patrick Sharp.
0:22 of 1st period - Shot Blocked by Erik Gudbranson.
0:22 of 1st period - Erik Gudbranson from Lightning is injured at 0:22 of 1st period (Sprained Left Ankle).
0:23 of 1st period - Brian Boyle wins face-off versus Henrik Sedin in Lightning zone.
0:42 of 1st period - Shot by Troy Brouwer.
0:42 of 1st period - Stopped by Braden Holtby without a rebound.
0:43 of 1st period - Lars Eller wins face-off versus Henrik Zetterberg in Islanders zone.
0:50 of 1st period - Minor Penalty to Patric Hornqvist for Hooking.
0:51 of 1st period - Henrik Sedin wins face-off versus Pierre-Alexandr Parenteau in Lightning zone.
1:00 of 1st period - Shot by Patrick Sharp.
1:00 of 1st period - Stopped by Kari Lehtonen without a rebound.
1:01 of 1st period - Brian Boyle wins face-off versus Henrik Sedin in Lightning zone.
1:18 of 1st period - Shot by Josh Manson.
1:18 of 1st period - Stopped by Kari Lehtonen with a rebound.
1:20 of 1st period - Shot by Andy Greene.
1:20 of 1st period - Shot Blocked by Trevor Daley.
1:22 of 1st period - Shot by Josh Manson.
1:22 of 1st period - Shot Blocked by Trevor Daley.
1:24 of 1st period - Shot by Matt Read.
1:24 of 1st period - Stopped by Kari Lehtonen without a rebound.
1:25 of 1st period - Vernon Fiddler wins face-off versus Tyler Bozak in Lightning zone.
1:25 of 1st period - Vernon Fiddler is hit by Patrick Sharp.
1:32 of 1st period - Patrick Sharp is hit by Kevin Klein and loses puck.
1:35 of 1st period - Shot by Roman Polak.
1:35 of 1st period - Shot Misses the Net.
1:37 of 1st period - Shot by Niklas Hjalmarsson.
1:37 of 1st period - Stopped by Kari Lehtonen without a rebound.
1:38 of 1st period - Tyler Bozak wins face-off versus Henrik Sedin in Lightning zone.
2:01 of 1st period - Shot by Roman Polak.
2:01 of 1st period - Deflect By Tyler Bozak.
2:01 of 1st period - Stopped by Kari Lehtonen without a rebound.
2:02 of 1st period - Brian Boyle wins face-off versus Henrik Sedin in Lightning zone.
2:19 of 1st period - Shot by Matt Read.
2:19 of 1st period - Shot Hit the Post.
2:29 of 1st period - Shot by Colin Wilson.
2:29 of 1st period - Stopped by Kari Lehtonen without a rebound.
2:30 of 1st period - Henrik Sedin wins face-off versus Tyler Bozak in Lightning zone.
2:54 of 1st period - Icing by Andrej Sekera.
2:55 of 1st period - Nate Thompson wins face-off versus Johnny Gaudreau in Lightning zone.
3:19 of 1st period - Luca Sbisa is hit by Kyle Quincey and loses puck.
3:22 of 1st period - Shot by Josh Anderson.
3:22 of 1st period - Shot Misses the Net.
3:24 of 1st period - Shot by Nate Thompson.
3:24 of 1st period - Shot Misses the Net.
3:26 of 1st period - Shot by Nate Thompson.
3:26 of 1st period - Shot Misses the Net.
3:29 of 1st period - Minor Penalty to Kyle Quincey for Tripping.
3:30 of 1st period - Henrik Sedin wins face-off versus Tyler Bozak in Lightning zone.
4:17 of 1st period - Josh Manson is hit by Vernon Fiddler.
5:05 of 1st period - Icing by Brian Boyle.
5:06 of 1st period - Brian Boyle wins face-off versus Henrik Sedin in Islanders zone.
5:38 of 1st period - Niklas Hjalmarsson is hit by Jeff Carter and loses puck.
6:18 of 1st period - Off-side.
6:19 of 1st period - Henrik Sedin wins face-off versus Tyler Bozak in neutral zone.
6:28 of 1st period - Shot by Henrik Sedin.
6:28 of 1st period - Shot Misses the Net.
6:40 of 1st period - Shot by Patrick Sharp.
6:40 of 1st period - Shot Blocked by Kyle Quincey.
6:42 of 1st period - Shot by Derek Forbort.
6:42 of 1st period - Shot Blocked by Kyle Quincey.
6:44 of 1st period - Shot by Luca Sbisa.
6:44 of 1st period - Shot Blocked by Andrej Sekera.
6:52 of 1st period - Shot by Patrick Sharp.
6:52 of 1st period - Goal by Patrick Sharp - Islanders : 1 - Lightning : 0.
6:53 of 1st period - Patric Hornqvist wins face-off versus Tyler Bozak in neutral zone.
6:56 of 1st period - Shot by Kevin Klein.
6:56 of 1st period - Shot Misses the Net.
7:25 of 1st period - Shot by Patric Hornqvist.
7:25 of 1st period - Shot Blocked by Niklas Hjalmarsson.
8:13 of 1st period - Icing by Trevor Daley.
8:14 of 1st period - Brian Boyle wins face-off versus Jeff Carter in Lightning zone.
8:24 of 1st period - Off-side.
8:25 of 1st period - Lars Eller wins face-off versus Henrik Zetterberg in neutral zone.
8:32 of 1st period - Shot by Josh Anderson.
8:32 of 1st period - Stopped by Kari Lehtonen without a rebound.
8:33 of 1st period - Brian Boyle wins face-off versus Henrik Zetterberg in Lightning zone.
8:34 of 1st period - Shot by Colin Wilson.
8:34 of 1st period - Stopped by Kari Lehtonen without a rebound.
8:35 of 1st period - Henrik Zetterberg wins face-off versus Brian Boyle in Lightning zone.
8:44 of 1st period - Shot by Johnny Gaudreau.
8:44 of 1st period - Shot Misses the Net.
8:46 of 1st period - Shot by Trevor Daley.
8:46 of 1st period - Stopped by Braden Holtby without a rebound.
8:47 of 1st period - Henrik Sedin wins face-off versus Lars Eller in Islanders zone.
8:47 of 1st period - Minor Penalty to Roman Polak for Roughing.
8:48 of 1st period - Henrik Zetterberg wins face-off versus Tyler Bozak in Islanders zone.
8:48 of 1st period - Patric Hornqvist is hit by Derek Forbort and loses puck.
8:55 of 1st period - Shot by Johnny Gaudreau.
8:55 of 1st period - Stopped by Braden Holtby without a rebound.
8:56 of 1st period - Henrik Zetterberg wins face-off versus Tyler Bozak in Islanders zone.
9:17 of 1st period - Shot by Henrik Zetterberg.
9:17 of 1st period - Shot Misses the Net.
9:19 of 1st period - Shot by Andrej Sekera.
9:19 of 1st period - Stopped by Braden Holtby without a rebound.
9:20 of 1st period - Tyler Bozak wins face-off versus Jeff Carter in Islanders zone.
9:20 of 1st period - Tyler Bozak is hit by Troy Brouwer.
9:37 of 1st period - Shot by Troy Brouwer.
9:37 of 1st period - Shot Misses the Net.
9:39 of 1st period - Shot by Kevin Klein.
9:39 of 1st period - Shot Misses the Net.
9:41 of 1st period - Shot by Kyle Quincey.
9:41 of 1st period - Stopped by Braden Holtby without a rebound.
9:42 of 1st period - Brian Boyle wins face-off versus Henrik Zetterberg in Islanders zone.
10:18 of 1st period - Off-side.
10:19 of 1st period - Tyler Bozak wins face-off versus Jeff Carter in neutral zone.
10:34 of 1st period - Shot by Troy Brouwer.
10:34 of 1st period - Shot Blocked by Tyler Bozak.
10:45 of 1st period - Shot by Tobias Rieder.
10:45 of 1st period - Shot Misses the Net.
10:55 of 1st period - Shot by Travis Zajac.
10:55 of 1st period - Stopped by Braden Holtby without a rebound.
10:56 of 1st period - Lars Eller wins face-off versus Henrik Zetterberg in Islanders zone.
11:13 of 1st period - Shot by Johnny Gaudreau.
11:13 of 1st period - Shot Misses the Net.
11:25 of 1st period - Shot by Henrik Zetterberg.
11:25 of 1st period - Shot Blocked by Nate Thompson.
12:10 of 1st period - Icing by Dennis Wideman.
12:11 of 1st period - Henrik Sedin wins face-off versus Tyler Bozak in Lightning zone.
12:11 of 1st period - Henrik Sedin is hit by Patrick Sharp.
12:19 of 1st period - Troy Brouwer is hit by Pierre-Alexandr Parenteau and loses puck.
12:23 of 1st period - Minor Penalty to Patrick Sharp for Hooking.
12:24 of 1st period - Jeff Carter wins face-off versus Tyler Bozak in Islanders zone.
12:32 of 1st period - Icing by Troy Brouwer.
12:33 of 1st period - Jeff Carter wins face-off versus Tyler Bozak in Lightning zone.
13:00 of 1st period - Shot by Jeff Carter.
13:00 of 1st period - Stopped by Braden Holtby without a rebound.
13:01 of 1st period - Tyler Bozak wins face-off versus Henrik Zetterberg in Islanders zone.
13:09 of 1st period - Icing by Johnny Gaudreau.
13:10 of 1st period - Henrik Zetterberg wins face-off versus Tyler Bozak in Lightning zone.
14:29 of 1st period - Shot by Henrik Zetterberg.
14:29 of 1st period - Shot Misses the Net.
14:31 of 1st period - Shot by Vernon Fiddler.
14:31 of 1st period - Stopped by Braden Holtby with a rebound.
14:41 of 1st period - Icing by Josh Jooris.
14:42 of 1st period - Henrik Sedin wins face-off versus Josh Jooris in Islanders zone.
14:45 of 1st period - Shot by Troy Brouwer.
14:45 of 1st period - Shot Misses the Net.
14:55 of 1st period - Shot by Pierre-Alexandr Parenteau.
14:55 of 1st period - Shot Misses the Net.
14:57 of 1st period - Shot by Josh Jooris.
14:57 of 1st period - Deflect By Patrick Sharp.
14:57 of 1st period - Stopped by Kari Lehtonen without a rebound.
14:58 of 1st period - Brian Boyle wins face-off versus Henrik Zetterberg in Lightning zone.
15:03 of 1st period - Shot by Colin Wilson.
15:03 of 1st period - Stopped by Kari Lehtonen without a rebound.
15:04 of 1st period - Lars Eller wins face-off versus Jeff Carter in Lightning zone.
15:05 of 1st period - Shot by Josh Anderson.
15:05 of 1st period - Shot Misses the Net.
15:09 of 1st period - Shot by Lars Eller.
15:09 of 1st period - Goal by Lars Eller - Islanders : 2 - Lightning : 0.
15:10 of 1st period - Tobias Rieder wins face-off versus Tyler Bozak in neutral zone.
15:18 of 1st period - Shot by Tyler Bozak.
15:18 of 1st period - Stopped by Kari Lehtonen without a rebound.
15:19 of 1st period - Henrik Zetterberg wins face-off versus Brian Boyle in Lightning zone.
15:37 of 1st period - Icing by Matt Read.
15:38 of 1st period - Brian Boyle wins face-off versus Jeff Carter in Islanders zone.
15:58 of 1st period - Icing by Andy Greene.
15:59 of 1st period - Brian Boyle wins face-off versus Henrik Zetterberg in Islanders zone.
16:31 of 1st period - Shot by Henrik Zetterberg.
16:31 of 1st period - Shot Misses the Net.
17:05 of 1st period - Andrej Sekera is hit by Roman Polak and loses puck.
17:34 of 1st period - Shot by Teddy Purcell.
17:34 of 1st period - Stopped by Braden Holtby without a rebound.
17:35 of 1st period - Josh Jooris wins face-off versus Jeff Carter in Islanders zone.
17:46 of 1st period - Icing by Kyle Quincey.
17:47 of 1st period - Jeff Carter wins face-off versus Lars Eller in Lightning zone.
18:14 of 1st period - Shot by Jeff Carter.
18:14 of 1st period - Shot Misses the Net.
18:16 of 1st period - Shot by Kyle Quincey.
18:16 of 1st period - Shot Misses the Net.
18:18 of 1st period - Shot by Tobias Rieder.
18:18 of 1st period - Stopped by Braden Holtby without a rebound.
18:19 of 1st period - Brian Boyle wins face-off versus Henrik Sedin in Islanders zone.
18:26 of 1st period - Matt Hendricks is hit by Matt Read and loses puck.
18:27 of 1st period - Minor Penalty to Colin Wilson for High sticking.
18:28 of 1st period - Jeff Carter wins face-off versus Tyler Bozak in Islanders zone.
18:29 of 1st period - Shot by Tobias Rieder.
18:29 of 1st period - Shot Misses the Net.
18:41 of 1st period - Shot by Tobias Rieder.
18:41 of 1st period - Shot Misses the Net.
18:43 of 1st period - Shot by Jeff Carter.
18:43 of 1st period - Stopped by Braden Holtby with a rebound.
18:45 of 1st period - Shot by Troy Brouwer.
18:45 of 1st period - Stopped by Braden Holtby without a rebound.
18:46 of 1st period - Tyler Bozak wins face-off versus Henrik Zetterberg in Islanders zone.
18:57 of 1st period - Shot by Patric Hornqvist.
18:57 of 1st period - Stopped by Braden Holtby without a rebound.
18:58 of 1st period - Tobias Rieder wins face-off versus Brian Boyle in Islanders zone.
Goals for this period are 2 for Islanders vs 0 for Lightning.
Shots for this period are 13 for Islanders vs 13 for Lightning.

2nd period


0:01 of 2nd period - Tyler Bozak wins face-off versus Henrik Zetterberg in neutral zone.
0:12 of 2nd period - Shot by Johnny Gaudreau.
0:12 of 2nd period - Goal by Johnny Gaudreau - Islanders : 2 - Lightning : 1.
0:13 of 2nd period - Jeff Carter wins face-off versus Brian Boyle in neutral zone.
0:34 of 2nd period - Shot by Jeff Carter.
0:34 of 2nd period - Stopped by Braden Holtby without a rebound.
0:34 of 2nd period - Minor Penalty to Braden Holtby for Slashing.
0:35 of 2nd period - Henrik Zetterberg wins face-off versus Tyler Bozak in Islanders zone.
3:13 of 2nd period - Shot by Colin Wilson.
3:13 of 2nd period - Shot Misses the Net.
3:21 of 2nd period - Shot by Colin Wilson.
3:21 of 2nd period - Stopped by Kari Lehtonen without a rebound.
3:22 of 2nd period - Lars Eller wins face-off versus Henrik Sedin in Lightning zone.
3:29 of 2nd period - Shot by Nate Thompson.
3:29 of 2nd period - Shot Misses the Net.
4:53 of 2nd period - Shot by Teddy Purcell.
4:53 of 2nd period - Shot Misses the Net.
4:55 of 2nd period - Shot by Jeff Carter.
4:55 of 2nd period - Deflect By Tobias Rieder.
4:55 of 2nd period - Stopped by Braden Holtby without a rebound.
4:56 of 2nd period - Tyler Bozak wins face-off versus Henrik Sedin in Islanders zone.
5:57 of 2nd period - Shot by Josh Jooris.
5:57 of 2nd period - Stopped by Kari Lehtonen with a rebound.
6:14 of 2nd period - Henrik Zetterberg is hit by Josh Manson and loses puck.
7:52 of 2nd period - Jeff Carter is hit by Roman Polak and loses puck.
8:11 of 2nd period - Shot by Jeff Carter.
8:11 of 2nd period - Stopped by Braden Holtby without a rebound.
8:12 of 2nd period - Henrik Sedin wins face-off versus Colin Wilson in Islanders zone.
8:15 of 2nd period - Shot by Patric Hornqvist.
8:15 of 2nd period - Stopped by Braden Holtby without a rebound.
8:16 of 2nd period - Henrik Sedin wins face-off versus Josh Jooris in Islanders zone.
8:19 of 2nd period - Shot by Patric Hornqvist.
8:19 of 2nd period - Deflect By Henrik Sedin.
8:19 of 2nd period - Shot Misses the Net.
8:21 of 2nd period - Shot by Matt Hendricks.
8:21 of 2nd period - Shot Blocked by Andy Greene.
9:10 of 2nd period - Shot by Travis Zajac.
9:10 of 2nd period - Shot Misses the Net.
9:22 of 2nd period - Shot by Patrick Sharp.
9:22 of 2nd period - Stopped by Kari Lehtonen with a rebound.
9:24 of 2nd period - Shot by Pierre-Alexandr Parenteau.
9:24 of 2nd period - Deflect By Patrick Sharp.
9:24 of 2nd period - Stopped by Kari Lehtonen without a rebound.
9:25 of 2nd period - Nate Thompson wins face-off versus Henrik Zetterberg in Lightning zone.
9:36 of 2nd period - Shot by Luca Sbisa.
9:36 of 2nd period - Shot Misses the Net.
9:44 of 2nd period - Shot by Josh Anderson.
9:44 of 2nd period - Shot Misses the Net.
9:52 of 2nd period - Shot by Lars Eller.
9:52 of 2nd period - Stopped by Kari Lehtonen without a rebound.
9:53 of 2nd period - Henrik Sedin wins face-off versus Tyler Bozak in Lightning zone.
11:12 of 2nd period - Shot by Patric Hornqvist.
11:12 of 2nd period - Shot Misses the Net.
11:14 of 2nd period - Shot by Henrik Zetterberg.
11:14 of 2nd period - Stopped by Braden Holtby without a rebound.
11:15 of 2nd period - Lars Eller wins face-off versus Henrik Zetterberg in Islanders zone.
11:53 of 2nd period - Josh Anderson is hit by Kevin Klein and loses puck.
12:05 of 2nd period - Henrik Sedin is hit by Luca Sbisa.
12:15 of 2nd period - Matt Hendricks is hit by Luca Sbisa and loses puck.
12:55 of 2nd period - Shot by Jeff Carter.
12:55 of 2nd period - Stopped by Braden Holtby without a rebound.
12:56 of 2nd period - Patrick Sharp wins face-off versus Henrik Zetterberg in Islanders zone.
13:01 of 2nd period - Shot by Tyler Bozak.
13:01 of 2nd period - Deflect By Patrick Sharp.
13:01 of 2nd period - Stopped by Kari Lehtonen without a rebound.
13:02 of 2nd period - Travis Zajac wins face-off versus Tyler Bozak in Lightning zone.
13:07 of 2nd period - Shot by Vernon Fiddler.
13:07 of 2nd period - Stopped by Braden Holtby without a rebound.
13:08 of 2nd period - Henrik Zetterberg wins face-off versus Tyler Bozak in Islanders zone.
13:25 of 2nd period - Shot by Patric Hornqvist.
13:25 of 2nd period - Stopped by Braden Holtby without a rebound.
13:26 of 2nd period - Nate Thompson wins face-off versus Jeff Carter in Islanders zone.
13:51 of 2nd period - Shot by Lars Eller.
13:51 of 2nd period - Shot Blocked by Dennis Wideman.
13:53 of 2nd period - Shot by Nate Thompson.
13:53 of 2nd period - Shot Misses the Net.
13:55 of 2nd period - Shot by Andy Greene.
13:55 of 2nd period - Stopped by Kari Lehtonen without a rebound.
13:56 of 2nd period - Tyler Bozak wins face-off versus Patric Hornqvist in Lightning zone.
14:03 of 2nd period - Shot by Tyler Bozak.
14:03 of 2nd period - Shot Misses the Net.
14:20 of 2nd period - Henrik Zetterberg is hit by Roman Polak and loses puck.
14:41 of 2nd period - Shot by Henrik Sedin.
14:41 of 2nd period - Shot Blocked by Roman Polak.
14:52 of 2nd period - Shot by Henrik Sedin.
14:52 of 2nd period - Shot Misses the Net.
14:59 of 2nd period - Henrik Sedin is hit by Roman Polak and loses puck.
15:03 of 2nd period - Minor Penalty to Roman Polak for Hooking.
15:04 of 2nd period - Brian Boyle wins face-off versus Jeff Carter in Islanders zone.
15:04 of 2nd period - Brian Boyle is hit by Troy Brouwer.
15:10 of 2nd period - Tobias Rieder is hit by Lars Eller.
15:30 of 2nd period - Shot by Tobias Rieder.
15:30 of 2nd period - Shot Misses the Net.
15:32 of 2nd period - Shot by Jeff Carter.
15:32 of 2nd period - Stopped by Braden Holtby without a rebound.
15:33 of 2nd period - Nate Thompson wins face-off versus Henrik Zetterberg in Islanders zone.
15:33 of 2nd period - Nate Thompson is hit by Patric Hornqvist.
16:37 of 2nd period - Trevor Daley is hit by Colin Wilson and loses puck.
17:31 of 2nd period - Icing by Dennis Wideman.
17:32 of 2nd period - Lars Eller wins face-off versus Travis Zajac in Lightning zone.
17:39 of 2nd period - Shot by Lars Eller.
17:39 of 2nd period - Shot Misses the Net.
18:11 of 2nd period - Dennis Wideman is hit by Tyler Bozak and loses puck.
18:18 of 2nd period - Shot by Patrick Sharp.
18:18 of 2nd period - Deflect By Tyler Bozak.
18:18 of 2nd period - Stopped by Kari Lehtonen without a rebound.
18:19 of 2nd period - Jeff Carter wins face-off versus Brian Boyle in Lightning zone.
18:26 of 2nd period - Shot by Jeff Carter.
18:26 of 2nd period - Stopped by Braden Holtby without a rebound.
18:27 of 2nd period - Jeff Carter wins face-off versus Josh Jooris in Islanders zone.
18:30 of 2nd period - Shot by Jeff Carter.
18:30 of 2nd period - Deflect By Tobias Rieder.
18:30 of 2nd period - Shot Blocked by Josh Manson.
18:39 of 2nd period - Tyler Bozak is hit by Kyle Quincey and loses puck.
18:44 of 2nd period - Shot by Tyler Bozak.
18:44 of 2nd period - Shot Misses the Net.
19:43 of 2nd period - Shot by Troy Brouwer.
19:43 of 2nd period - Stopped by Braden Holtby without a rebound.
19:44 of 2nd period - Travis Zajac wins face-off versus Lars Eller in Islanders zone.
19:44 of 2nd period - Tobias Rieder is hit by Derek Forbort and loses puck.
Goals for this period are 0 for Islanders vs 1 for Lightning.
Shots for this period are 8 for Islanders vs 12 for Lightning.

3rd period


0:01 of 3rd period - Tyler Bozak wins face-off versus Henrik Zetterberg in neutral zone.
0:04 of 3rd period - Shot by Pierre-Alexandr Parenteau.
0:04 of 3rd period - Stopped by Kari Lehtonen without a rebound.
0:05 of 3rd period - Tyler Bozak wins face-off versus Henrik Zetterberg in Lightning zone.
0:05 of 3rd period - Tyler Bozak is hit by Trevor Daley.
0:33 of 3rd period - Shot by Patrick Sharp.
0:33 of 3rd period - Shot Misses the Net.
1:08 of 3rd period - Shot by Jeff Carter.
1:08 of 3rd period - Stopped by Braden Holtby with a rebound.
1:13 of 3rd period - Matt Read is hit by Kevin Klein and loses puck.
1:16 of 3rd period - Shot by Colin Wilson.
1:16 of 3rd period - Shot Misses the Net.
1:18 of 3rd period - Shot by Matt Read.
1:18 of 3rd period - Goal by Matt Read - Islanders : 3 - Lightning : 1.
1:19 of 3rd period - Matt Hendricks wins face-off versus Lars Eller in neutral zone.
2:49 of 3rd period - Shot by Brian Boyle.
2:49 of 3rd period - Stopped by Kari Lehtonen without a rebound.
2:50 of 3rd period - Brian Boyle wins face-off versus Henrik Zetterberg in Lightning zone.
3:12 of 3rd period - Shot by Matt Read.
3:12 of 3rd period - Shot Misses the Net.
3:14 of 3rd period - Shot by Brian Boyle.
3:14 of 3rd period - Shot Misses the Net.
3:40 of 3rd period - Dennis Wideman is hit by Roman Polak and loses puck.
3:52 of 3rd period - Shot by Patrick Sharp.
3:52 of 3rd period - Stopped by Kari Lehtonen without a rebound.
3:53 of 3rd period - Lars Eller wins face-off versus Henrik Sedin in Lightning zone.
3:54 of 3rd period - Shot by Josh Anderson.
3:54 of 3rd period - Shot Misses the Net.
3:56 of 3rd period - Shot by Nate Thompson.
3:56 of 3rd period - Stopped by Kari Lehtonen without a rebound.
3:57 of 3rd period - Henrik Sedin wins face-off versus Lars Eller in Lightning zone.
4:10 of 3rd period - Shot by Lars Eller.
4:10 of 3rd period - Shot Blocked by Matt Hendricks.
4:12 of 3rd period - Shot by Luca Sbisa.
4:12 of 3rd period - Shot Misses the Net.
4:14 of 3rd period - Shot by Nate Thompson.
4:14 of 3rd period - Shot Misses the Net.
4:44 of 3rd period - Icing by Andrej Sekera.
4:45 of 3rd period - Tyler Bozak wins face-off versus Jeff Carter in Lightning zone.
4:56 of 3rd period - Shot by Patrick Sharp.
4:56 of 3rd period - Shot Blocked by Andrej Sekera.
5:16 of 3rd period - Shot by Patrick Sharp.
5:16 of 3rd period - Shot Misses the Net.
5:20 of 3rd period - Shot by Pierre-Alexandr Parenteau.
5:20 of 3rd period - Shot Blocked by Trevor Daley.
5:22 of 3rd period - Shot by Niklas Hjalmarsson.
5:22 of 3rd period - Deflect By Tyler Bozak.
5:22 of 3rd period - Shot Misses the Net.
5:31 of 3rd period - Minor Penalty to Brian Boyle for Charging.
5:32 of 3rd period - Henrik Zetterberg wins face-off versus Nate Thompson in Islanders zone.
5:42 of 3rd period - Shot by Patric Hornqvist.
5:42 of 3rd period - Deflect By Henrik Zetterberg.
5:42 of 3rd period - Stopped by Braden Holtby with a rebound.
6:49 of 3rd period - Shot by Colin Wilson.
6:49 of 3rd period - Shot Blocked by Andrej Sekera.
6:55 of 3rd period - Shot by Jeff Carter.
6:55 of 3rd period - Deflect By Tobias Rieder.
6:55 of 3rd period - Stopped by Braden Holtby without a rebound.
6:56 of 3rd period - Henrik Zetterberg wins face-off versus Tyler Bozak in Islanders zone.
7:41 of 3rd period - Shot by Travis Zajac.
7:41 of 3rd period - Shot Misses the Net.
8:09 of 3rd period - Off-side.
8:10 of 3rd period - Lars Eller wins face-off versus Henrik Sedin in neutral zone.
8:10 of 3rd period - Lars Eller is hit by Matt Hendricks.
9:12 of 3rd period - Shot by Andy Greene.
9:12 of 3rd period - Stopped by Kari Lehtonen with a rebound.
9:14 of 3rd period - Shot by Tyler Bozak.
9:14 of 3rd period - Stopped by Kari Lehtonen without a rebound.
9:15 of 3rd period - Patric Hornqvist wins face-off versus Brian Boyle in Lightning zone.
9:37 of 3rd period - Shot by Brian Boyle.
9:37 of 3rd period - Stopped by Kari Lehtonen without a rebound.
9:38 of 3rd period - Tobias Rieder wins face-off versus Pierre-Alexandr Parenteau in Lightning zone.
10:02 of 3rd period - Shot by Teddy Purcell.
10:02 of 3rd period - Deflect By Jeff Carter.
10:02 of 3rd period - Stopped by Braden Holtby without a rebound.
10:03 of 3rd period - Brian Boyle wins face-off versus Henrik Zetterberg in Islanders zone.
10:49 of 3rd period - Minor Penalty to Matt Read for Roughing.
10:50 of 3rd period - Tyler Bozak wins face-off versus Jeff Carter in Islanders zone.
10:57 of 3rd period - Shot by Andy Greene.
10:57 of 3rd period - Shot Misses the Net.
11:18 of 3rd period - Shot by Tobias Rieder.
11:18 of 3rd period - Deflect By Jeff Carter.
11:18 of 3rd period - Stopped by Braden Holtby with a rebound.
12:04 of 3rd period - Shot by Johnny Gaudreau.
12:04 of 3rd period - Shot Misses the Net.
12:06 of 3rd period - Shot by Henrik Zetterberg.
12:06 of 3rd period - Shot Misses the Net.
12:08 of 3rd period - Shot by Andrej Sekera.
12:08 of 3rd period - Shot Misses the Net.
12:18 of 3rd period - Shot by Tobias Rieder.
12:18 of 3rd period - Stopped by Braden Holtby without a rebound.
12:19 of 3rd period - Tyler Bozak wins face-off versus Jeff Carter in Islanders zone.
12:32 of 3rd period - Shot by Tobias Rieder.
12:32 of 3rd period - Stopped by Braden Holtby without a rebound.
12:33 of 3rd period - Henrik Zetterberg wins face-off versus Tyler Bozak in Islanders zone.
13:13 of 3rd period - Shot by Nate Thompson.
13:13 of 3rd period - Shot Misses the Net.
13:15 of 3rd period - Shot by Lars Eller.
13:15 of 3rd period - Shot Blocked by Andrej Sekera.
13:40 of 3rd period - Icing by Dennis Wideman.
13:41 of 3rd period - Henrik Sedin wins face-off versus Brian Boyle in Lightning zone.
14:19 of 3rd period - Shot by Patric Hornqvist.
14:19 of 3rd period - Stopped by Braden Holtby with a rebound.
14:21 of 3rd period - Shot by Dennis Wideman.
14:21 of 3rd period - Shot Misses the Net.
14:23 of 3rd period - Shot by Patric Hornqvist.
14:23 of 3rd period - Deflect By Henrik Zetterberg.
14:23 of 3rd period - Stopped by Braden Holtby with a rebound.
14:25 of 3rd period - Shot by Dennis Wideman.
14:25 of 3rd period - Stopped by Braden Holtby without a rebound.
14:26 of 3rd period - Jeff Carter wins face-off versus Tyler Bozak in Islanders zone.
14:29 of 3rd period - Shot by Jeff Carter.
14:29 of 3rd period - Stopped by Braden Holtby without a rebound.
14:30 of 3rd period - Henrik Zetterberg wins face-off versus Tyler Bozak in Islanders zone.
15:01 of 3rd period - Shot by Johnny Gaudreau.
15:01 of 3rd period - Stopped by Braden Holtby without a rebound.
15:02 of 3rd period - Nate Thompson wins face-off versus Tobias Rieder in Islanders zone.
15:29 of 3rd period - Shot by Teddy Purcell.
15:29 of 3rd period - Stopped by Braden Holtby with a rebound.
15:31 of 3rd period - Shot by Teddy Purcell.
15:31 of 3rd period - Shot Hit the Post.
16:11 of 3rd period - Shot by Henrik Sedin.
16:11 of 3rd period - Stopped by Braden Holtby without a rebound.
16:12 of 3rd period - Brian Boyle wins face-off versus Henrik Zetterberg in Islanders zone.
16:27 of 3rd period - Shot by Henrik Zetterberg.
16:27 of 3rd period - Shot Misses the Net.
16:31 of 3rd period - Shot by Patric Hornqvist.
16:31 of 3rd period - Stopped by Braden Holtby without a rebound.
16:32 of 3rd period - Jeff Carter wins face-off versus Pierre-Alexandr Parenteau in Islanders zone.
16:32 of 3rd period - Tobias Rieder is hit by Josh Manson and loses puck.
16:47 of 3rd period - Shot by Tyler Bozak.
16:47 of 3rd period - Shot Misses the Net.
16:50 of 3rd period - Icing by Kyle Quincey.
16:51 of 3rd period - Brian Boyle wins face-off versus Jeff Carter in Lightning zone.
18:47 of 3rd period - Shot by Johnny Gaudreau.
18:47 of 3rd period - Deflect By Henrik Zetterberg.
18:47 of 3rd period - Shot Blocked by Derek Forbort.
18:53 of 3rd period - Shot by Patric Hornqvist.
18:53 of 3rd period - Shot Misses the Net.
19:28 of 3rd period - Icing by Niklas Hjalmarsson.
19:29 of 3rd period - Henrik Sedin wins face-off versus Matt Read in Islanders zone.
19:37 of 3rd period - Brian Boyle is hit by Matt Hendricks and loses puck.
Goals for this period are 1 for Islanders vs 0 for Lightning.
Shots for this period are 8 for Islanders vs 15 for Lightning.